 Dungeon Crawl Stone Soup version 0.28.0-53-g5a82cb258f (webtiles) character file.

Game seed: 5914623685285534889

917 styxcanada the Covert (level 7, 0/36 HPs)
             Began as a Spriggan Brigand on Aug 4, 2022.
             Was an Initiate of Gozag.
             Slain by an orc warrior
             ... wielding a +0 scimitar
              (15 damage)
             ... on level 5 of the Dungeon.
             The game lasted 00:28:24 (8134 turns).

styxcanada the Covert (Spriggan Brigand)            Turns: 8134, Time: 00:28:31

Health: 0/36       AC:  3    Str: 13    XL:     7   Next: 83%
Magic:  8/8        EV: 19    Int: 12    God:    Gozag
Gold:   701        SH:  6    Dex: 19    Spells: 6/6 levels left

rFire   . . .      SeeInvis +   m - +4 dagger
rCold   + . .      Faith    .   l - +0 buckler
rNeg    . . .      Spirit   .   b - +0 robe
rPois   .          Reflect  .   (helmet restricted)
rElec   .          Harm     .   c - +0 cloak
rCorr   .          Rampage  .   (gloves unavailable)
Will    +....                   (boots unavailable)
Stlth   +++++.....              (no amulet)
HPRegen 0.12/turn               i - +6 ring of strength
MPRegen 0.11/turn               j - ring of protection from cold

@: very quick
A: very small, no large weapons, unfitting armour, see invisible, speed 3
a: Renounce Religion, Potion Petition, Call Merchant, Bribe Branch


You were on level 5 of the Dungeon.
You worshipped Gozag.
Gozag was pleased with you.
You visited 1 branch of the dungeon, and saw 5 of its levels.
You also visited: Sewer.

You collected 820 gold pieces.
You spent 74 gold pieces at shops.
You paid 45 gold pieces to Gozag.

Inventory:

Hand Weapons
 a - a +2 dagger
 m - a +4 dagger (weapon)
 u - a +0 hunting sling
Missiles
 g - 172 stones (quivered)
 n - 120 sling bullets
Armour
 b - a +0 robe (worn)
 c - a +0 cloak (worn)
 l - a +0 buckler (worn)
Jewellery
 h - a +6 ring of intelligence
 i - a +6 ring of strength (left hand)
 j - a ring of protection from cold (right hand)
 s - a ring of willpower
Scrolls
 d - a scroll of blinking {unknown}
 k - 2 scrolls of identify
 t - a scroll of fog {unknown}
Potions
 f - 2 potions of curing
 o - a potion of cancellation
 p - a potion of magic
 q - a potion of mutation
 r - 5 potions of flight


   Skills:
 * Level 3.0 Fighting
 + Level 4.3 Short Blades
 + Level 3.5 Throwing
 * Level 5.7 Dodging
 * Level 9.8 Stealth
 * Level 1.3 Shields


You had 6 spell levels left.
You didn't know any spells.
Your spell library contained the following spells:

 Spells                   Type           Power      Damage    Failure   Level
 Olgreb's Toxic Radiance  Pois           0%         N/A       100%        4
 Ozocubu's Refrigeration  Ice            0%         4d5       100%        7
 Ignition                 Fire           0%         3d3       100%        8


Dungeon Overview and Level Annotations

Branches:
Dungeon (5/15)              Sewer (visited)
 Temple: D:4-7

Altars:
Gozag
Hepliaklqana
Ru
Yredelemnul

Shops:
D:1 ?(!?*   D:2 *


Innate Abilities, Weirdness & Mutations

You are very small and have problems with some larger weapons.
You are too small for most types of armour.
You have supernaturally acute eyesight. (SInv)
You cover ground extremely quickly. (Speed+++)


Message History

The bullfrog zombie is lightly damaged.
You closely miss the orc warrior. You closely miss the orc warrior.
The orc warrior misses you.
You closely miss the orc warrior. The orc warrior closely misses you.
You hit the orc warrior but do no damage.
The orc warrior barely misses you.
You hit the orc warrior but do no damage.
The orc warrior misses you.
You hit the orc warrior but do no damage.
You block the orc warrior's attack.
You hit the orc warrior but do no damage.
You block the orc warrior's attack.
You closely miss the orc warrior. You block the orc warrior's attack.
You hit the orc warrior but do no damage.
The orc warrior barely misses you.
You hit the orc warrior.
The orc warrior is lightly wounded.
You closely miss the orc warrior.
The orc warrior is lightly wounded.
You block the orc warrior's attack.
You hit the orc warrior but do no damage.
The orc warrior is lightly wounded.
The orc warrior barely misses you.
You hit the orc warrior but do no damage.
The orc warrior is lightly wounded.
The orc warrior misses you.
You hit the orc warrior.
The orc warrior is moderately wounded.
The orc warrior hits you with a +0 scimitar!
Throw: dart (curare)
Press: ? - help, Q - select action, (/) - cycle Shift-Dir - straight line, f - orc warrior
Aim: an orc warrior, wielding a +0 scimitar and wearing a +0 chain mail (moderately wounded, 60% to hit)
You throw a curare-tipped dart.
The curare-tipped dart hits the orc warrior.
The orc warrior is poisoned.
The orc warrior convulses.
The orc warrior seems to slow down.
The orc warrior is moderately wounded.
The orc warrior hits you with a +0 scimitar!
You die...
Your body crumbles into a pile of gold.

#######(...............#.#
#.......##########.#.<...#
#.........######.......#.#
#######.#........#.##..#.#
...##########.##.W# ###.#
..##o.# ### #####..#
#.#<#######..#
#.....@oWZ...#
#.#.########.# .# .# ##


You could see an orc warrior (very poisoned, slow), a phantom and a bullfrog
zombie.

Vanquished Creatures
  A sky beast (D:5)
  2 ogres
  A phantom (D:4)
  A gnoll sergeant (D:3)
  A hound (D:5)
  2 iguanas
  3 orc wizards
  12 adders
  8 gnolls
  5 river rats (Sewer)
  A white imp (D:5)
  4 worms
  2 dart slugs
  10 orcs
  13 bats
  8 endoplasms
  5 giant cockroaches
  7 goblins
  4 hobgoblins
  3 jackals
  14 ball pythons
  9 frilled lizards
  4 kobolds
  10 rats
  A spectral orc (D:3)
131 creatures vanquished.

Notes
Turn   | Place    | Note
-------+----------+-------------------------------------------
     0 | D:1      | styxcanada the Spriggan Brigand began the quest for the
                  | Orb.
     0 | D:1      | Reached XP level 1. HP: 10/10 MP: 2/2
    61 | D:1      | Found Cuoloma's Distillery.
   282 | D:1      | Reached skill level 6 in Stealth
   458 | D:1      | Found Deeref's Magic Scroll Shop.
   474 | D:1      | Reached XP level 2. HP: 15/15 MP: 3/3
   488 | D:1      | Found Ciukkuf's Assorted Antiques.
   846 | D:1      | Found Daffee Ypoqe's Weapon Shoppe.
   849 | D:1      | You fall into a shaft and drop 1 floor!
   922 | D:1      | Found Rehajome's Magic Scroll Shoppe.
   930 | D:1      | Bought a scroll of identify for 22 gold pieces
  1167 | D:2      | Reached skill level 7 in Stealth
  1167 | D:2      | Reached XP level 3. HP: 6/18 MP: 4/4
  1394 | D:2      | Found the +8 lance "Wyrmbane" {slay drac, rPois rF+ rC+
                  | AC+3}
  1438 | D:2      | Found Joreklil's General Store.
  1833 | D:2      | Reached XP level 4. HP: 23/23 MP: 5/5
  2993 | D:1      | Bought a potion of curing for 39 gold pieces
  2993 | D:1      | Bought a potion of degeneration for 13 gold pieces
  3149 | D:3      | Reached XP level 5. HP: 26/26 MP: 6/6
  3154 | D:3      | Found an opulent altar of Gozag.
  3155 | D:3      | Found a sacrificial altar of Ru.
  3303 | D:3      | Became a worshipper of Gozag Ym Sagoz the Greedy
  3426 | D:3      | Reached skill level 8 in Stealth
  3908 | D:3      | Reached XP level 6. HP: 20/31 MP: 7/7
  4268 | D:3      | Found a hazy altar of Hepliaklqana.
  4427 | D:3      | Found a basalt altar of Yredelemnul.
  4807 | D:4      | Found a glowing drain.
  4816 | Sewer    | Entered a sewer
  7152 | D:4      | Reached skill level 5 in Dodging
  7152 | D:4      | Reached skill level 9 in Stealth
  7152 | D:4      | Reached XP level 7. HP: 35/35 MP: 8/8
  7487 | D:5      | Entered Level 5 of the Dungeon
  7510 | D:5      | Reached skill level 1 in Shields
  8134 | D:5      | Slain by an orc warrior

Illustrated notes

Levels and vault maps discovered:
D:1:      dpeg_arrival_three_same_balls, layout_basic, serial_shops, shop,
          nicolae_shop_trees, nicolae_diamond_shop,
          nicolae_shop_competitors_out_of_business, nicolae_shop_statue_plus
D:2:      minmay_recursive_quarters, layout_loops_ring, serial_shops,
          nicolae_shop_behind_doors, supply_closet_lemuel
D:3:      layout_loops_corners, nicolae_hepliaklqana_hippocampus,
          nicolae_overflow_squiral, yredelemnul_forgotten_temple_becter,
          nicolae_concentric_dashed_squares_mild
D:4:      layout_loops_ring, portal_sewer_entry_a
D:5:      layout_basic, minmay_manual_moon

Skill      XL: |  1  2  3  4  5  6  7 |
---------------+----------------------+-----
Stealth        | 6 7 8 9 |  9.8
Dodging        | 2 3 5 |  5.7
Fighting       | 2 3 |  3.0
Short Blades   | 3 4 |  4.3
Throwing       | 3 |  3.5
Shields        | 1 |  1.3

Action                   |  1- 3 |  4- 6 |  7- 9 || total
-------------------------+-------+-------+-------++-------
Melee: Dagger            |    94 |   266 |    80 ||   440
       Punch             |       |     3 |       ||     3
Throw: Dart              |    10 |    58 |    14 ||    82
       Stone             |       |     3 |     2 ||     5
  Use: Scroll            |       |     7 |     2 ||     9
       Potion            |       |     1 |       ||     1
 Stab: Sleeping          |    11 |    14 |     2 ||    27
       Distracted        |       |     2 |       ||     2
Armor: Robe              |    14 |    32 |     3 ||    49
Dodge: Dodged            |    66 |   182 |    46 ||   294
Block: Buckler           |       |    44 |    22 ||    66
